 Dungeon Sprint DCSS version 0.30-a0-279-g4b46babb21 (webtiles) character file.

Game seed: 3332526886329078264

22 rocky1 the Insei (level 2, -1/18 HPs)
             Began as an Octopode Transmuter on Oct 17, 2022.
             Slain by a wolf (8 damage)
             ... in the Dungeon (Sprint III: "The Ten Rune Challenge").
             The game lasted 00:00:24 (57 turns).

rocky1 the Insei (Octopode Transmuter)                Turns: 57, Time: 00:00:25

Health: -1/18      AC:  1    Str:  9    XL:     2   Next: 91%
Magic:  1/5        EV: 13    Int: 15    God:
Gold:   8          SH:  0    Dex: 12    Spells: 5/6 levels left

rFire   . . .      SeeInvis .      - Unarmed
rCold   . . .      Faith    .    (no shield)
rNeg    . . .      Spirit   .    (helmet currently unavailable)
rPois   .          Reflect  .    (no amulet)
rElec   .          Harm     .    (no ring)
rCorr   .          Rampage  .    (no ring)
Will    .....      NoTele   +    (no ring)
Stlth   ++++......               (no ring)
HPRegen 0.23/turn                (no ring)
MPRegen 0.09/turn                (no ring)
                                 (no ring)
                                 (no ring)

@: appendages, very slightly contaminated
A: tentacle spike 3, almost no armour, amphibious, 8 rings, camouflage 1,
gelatinous body 1, nimble swimmer 1, tentacles
a: End Transformation


You were in the Dungeon.
One of your tentacles had grown a beastly spike.
You visited 1 branch You collected 8 gold pieces.

Inventory:

Scrolls
 g - a scroll of blinking
 h - a scroll of butterflies {unknown}
Potions
 a - a potion of lignification
 b - a potion of curing
 c - a potion of heal wounds
 d - a potion of haste
 e - 2 potions of magic
 f - a potion of berserk rage


   Skills:
 + Level 1.0 Fighting
 + Level 2.8 Dodging
 + Level 1.6 Stealth
 + Level 4.8 Unarmed Combat
 + Level 2.8 Spellcasting
 + Level 2.7 Transmutations


You had 5 spell levels left.
You knew the following spells:

 Your Spells              Type           Power      Damage    Failure   Level
a - Beastly Appendage     Tmut           20%        N/A       7%          1

Your spell library contained the following spells:

 Spells                   Type           Power      Damage    Failure   Level
 Wereblood                Tmut           10%        N/A       11%         2
 Spider Form              Tmut/Pois      6%         N/A       34%         3
 Ice Form                 Ice/Tmut       6%         N/A       75%         4


Dungeon Overview and Level Annotations

Branches:
Dungeon (1/1)

Altars:


Innate Abilities, Weirdness & Mutations

One of your tentacles has grown a beastly spike.
You cannot wear most types of armour.
You are amphibious.
You can wear up to eight rings at the same time.
Your skin changes colour to match your surroundings (Stealth+).
Your rubbery body absorbs attacks. (AC +1, EV +1)
You are camouflaged when in or above water. (Stealth+)
You have tentacles for arms and can constrict up to eight enemies at once.


Message History

The human is moderately wounded.
You constrict the human. The human hits you.
You tentacle-slap the human.
You tentacle-slap the human, but do no damage.
Your squeeze misses the human.
The human is heavily wounded.
You constrict the human.
The human splashes around in the water.
You tentacle-slap the human. You squeeze the human.
The human is severely wounded.
You constrict the human.
The wolf howls!
The human splashes around in the water.
You tentacle-slap the human. You squeeze the human.
The human is almost dead.
You constrict the human, but do no damage.
The human splashes around in the water.
You tentacle-slap the human but do no damage.
You tentacle-slap the human, but do no damage.
The human is almost dead.
Your tentacle spike disappears.
You constrict the human. The human barely misses you.
You completely miss the human.
The human is almost dead.
You constrict the human. The human completely misses you.
Casting: Beastly Appendage (safe; 9% risk of failure)
Confirm with . or Enter, or press ? or * to list all spells.
You miscast Beastly Appendage.
You are very lightly contaminated with residual magic.
Nothing appears to happen.
You constrict the human.
You kill the human!
Your Stealth skill increases to level 1!
Your Unarmed Combat skill increases to level 4!
You have reached level 2!
Casting: Beastly Appendage (safe; 7% risk of failure)
Confirm with . or Enter, or press ? or * to list all spells.
One of your tentacles grows a vicious spike.
The wolf bites you!
The wolf splashes around in the water.
You barely miss the wolf. Your grab misses the wolf.
Your tentacle spike misses the wolf.
The wolf bites you!
You die...

▓<.# ▓..# #....♣.♣
▓#'####......
▓.....#....~♣♣
▓.....#...~~.♣♣♣
▓.....#..~~~~♣.♣
▓####'#..~≈≈~~~♣♣.
▓...†.#.~h≈~~~....
▓.....#.~@~~~.....
▓.....#.~~~.......
▓'#####...........
▓.................
▓▓▓▓▓▓▓▓▓▓▓▓▓▓▓▓▓▓


You could see a wolf.

Vanquished Creatures
  A human (D)
  2 endoplasms (D)
  2 rats (D)
5 creatures vanquished.

Notes
Turn   | Place    | Note
-------+----------+-------------------------------------------
     0 | D        | rocky1 the Octopode Transmuter began the quest for the Orb.
     0 | D        | Reached XP level 1. HP: 13/13 MP: 3/3
    45 | D        | Noticed a wolf
    56 | D        | Reached skill level 1 in Stealth
    56 | D        | Reached skill level 4 in Unarmed Combat
    56 | D        | Reached XP level 2. HP: 13/18 MP: 2/5
    57 | D        | Slain by a wolf

Illustrated notes

Levels and vault maps discovered:
D:        dungeon_sprint_mu [sprint_mu_entry_forest, sprint_mu_temple_rooms,
          sprint_mu_d1_horrors, sprint_mu_d2_genie, sprint_mu_d3_branching,
          sprint_mu_orc_legion, sprint_mu_elf_gauntlet, sprint_mu_hive_nellie,
          sprint_mu_lair_fedhas, sprint_mu_vaults_butterflies,
          sprint_mu_slime_circle, sprint_mu_swamp_cave, sprint_mu_snake_twists,
          sprint_mu_blade_basic, sprint_mu_crypt_fortress,
          sprint_mu_tomb_spiral, sprint_mu_vestibule_basic,
          sprint_mu_gehenna_hellfire, sprint_mu_dis_giant,
          sprint_mu_tartarus_statrot, sprint_mu_cocytus_islands, sprint_mu_zot1]

Skill      XL: |  1 |
---------------+----+-----
Stealth        | 1 |  1.6
Unarmed Combat | 4 |  4.8
Fighting       | |  1.0
Dodging        | |  2.8
Spellcasting   | |  2.8
Transmutations | |  2.7

Action                   || total
-------------------------++-------
Melee: Unarmed           ||    15
       Kick              ||     3
       Tentacles         ||     3
       Constrict         ||     2
       Punch             ||     2
 Cast: Beastly Appendage ||     3
 Stab: Sleeping          ||     2
Dodge: Dodged            ||     5

Table legend: (Time is in decaauts)
 A = Elapsed time spent in this place.
 B = Non-inter-level travel time spent in this place.
 C = Inter-level travel time spent in this place.
 D = Time resting spent in this place.
 E = Time spent auto-exploring this place.
 F = Levels seen in this place.
 G = Mean time per level.
                   A        B        C        D        E       F      G
               +--------+--------+--------+--------+--------+-----+--------+
         Total |     56 |     56 |      0 |      0 |      1 |   1 |   56.0 |
       Dungeon |     56 |     56 |      0 |      0 |      1 |   1 |   56.0 |
               +--------+--------+--------+--------+--------+-----+--------+

Top non-repeatable levels by time:
       D: 56 daAuts
